 Dungeon Crawl Stone Soup version 0.30.2 (webtiles) character file.

Game seed: 1880976519255803919

46 SomethingFishy the Trooper (level 3, -2/33 HPs)
             Began as a Hill Orc Fighter on Apr 10, 2024.
             Slain by a smoke demon (4 damage)
             ... created by the fury of Makhleb
             ... on level 2 of the Dungeon.
             The game lasted 00:05:41 (802 turns).

SomethingFishy the Trooper (Hill Orc Fighter)        Turns: 802, Time: 00:05:41

Health: -2/33      AC: 11    Str: 20    XL:     3   Next: 68%
Magic:  3/3        EV:  5    Int:  8    God:
Gold:   87         SH:  4    Dex: 10    Spells: 2/2 levels left

rFire   . . .        a - +0 war axe
rCold   . . .        c - +0 buckler
rNeg    . . .        j - +0 plate armour
rPois   .            (no helmet)
rElec   .            (no cloak)
rCorr   .            (no gloves)
SInv    .            (no boots)
Will    .....        (no amulet) Stlth
                     (no ring)
HPRegen 0.25/turn    (no ring)
MPRegen 0.08/turn

%: no passive effects
@: on fire, glowing
A: no striking features
a: no special abilities


You were on level 2 of the Dungeon.
You visited 1 branch of the dungeon, and saw 2 of its levels.

You collected 87 gold pieces.

Inventory:

Hand Weapons
 a - a +0 war axe (weapon)
Armour
 b - a +0 scale mail
 c - a +0 buckler (worn)
 j - a +0 plate armour (worn)
Scrolls
 e - 2 scrolls of identify
 h - a scroll of immolation
 k - a scroll of enchant armour {unknown}
Potions
 d - a potion of might
 f - a potion of heal wounds {unknown}
 g - a potion of ambrosia {unknown}
 i - a potion of curing {unknown}


   Skills:
 + Level 4.2 Fighting
 + Level 3.3 Axes
 + Level 4.0 Armour
 + Level 3.6 Shields


You had 2 spell levels left.
You didn't know any spells.
Your spell library contained the following spells:

 Spells                   Type           Power      Damage    Failure   Level
 Vhi's Electric Charge    Tloc/Air       0%         N/A       100%        3
 Arcjolt                  Conj/Air       0%         1d10      100%        5
 Maxwell's Capacitive Co  Air            0%         ∞         100%        8


Dungeon Overview and Level Annotations

Branches:
Dungeon (2/15)

Altars:
Makhleb


Message History

The smoke demon hits you but does no damage. x2
You barely miss the smoke demon.
You are covered in liquid flames!
* * * LOW HITPOINT WARNING * * *
You are no longer on fire.
The smoke demon hits you but does no damage. x2
The smoke demon hits you.
* * * LOW HITPOINT WARNING * * *
You block the smoke demon's attack.
The smoke demon hits you but does no damage. x2
You closely miss the smoke demon. The smoke demon hits you.
* * * LOW HITPOINT WARNING * * *
The smoke demon hits you but does no damage. x2
You hit the smoke demon.
The smoke demon is lightly wounded.
You block the smoke demon's attack.
The smoke demon hits you but does no damage. x2
Press: ? - help, v - describe, . - travel, g - get item
Here: a smoke demon (lightly wounded, durably summoned)
Items here: a worm corpse; a quokka corpse.
The floor.
A smoke demon is nearby!
You slash the smoke demon!
The smoke demon is moderately wounded.
The smoke demon gestures at you. The sticky flame misses you.
The smoke demon hits you but does no damage.
You block the smoke demon's attack.
The smoke demon hits you but does no damage.
You hit the smoke demon but do no damage.
The smoke demon is moderately wounded.
You block the smoke demon's attack. x2; The smoke demon completely misses you.
You hit the smoke demon but do no damage.
The smoke demon is moderately wounded.
The smoke demon gestures at you. The sticky flame hits you.
You are covered in liquid flames!
* * * LOW HITPOINT WARNING * * *
The smoke demon hits you.
You die...

#. #.# .# #.#
.# #.# .##.#
##### ...#
##########...#
#..#
#..........#.#
#..#
#.########...#
#.###.@###.#
##...
#......3...#
####
#####.######
#># ..# #.#.
.# # ##


You could see a smoke demon.

Vanquished Creatures
  A gnoll (D:1)
  A worm (D:2)
  2 bats (D:1)
  4 endoplasms (D:1)
  2 giant cockroaches (D:1)
  4 goblins (D:1)
  5 hobgoblins
  2 quokkas
  5 ball pythons (D:1)
  2 kobolds (D:1)
  2 rats (D:1)
30 creatures vanquished.

Notes
Turn   | Place    | Note
-------+----------+-------------------------------------------
     0 | D:1      | SomethingFishy the Hill Orc Fighter began the quest for the
                  | Orb.
     0 | D:1      | Reached XP level 1. HP: 19/19 MP: 1/1
    87 | D:1      | Reached XP level 2. HP: 26/27 MP: 2/2
   118 | D:1      | Found a faded altar of an unknown god.
   144 | D:1      | Prayed at the altar of an unknown god.
   144 | D:1      | Became a worshipper of Makhleb the Destroyer
   144 | D:1      | Reached * piety under Makhleb
   145 | D:1      | Fell from the grace of Makhleb
   180 | D:1      | Reached XP level 3. HP: 14/33 MP: 3/3
   794 | D:2      | Noticed a smoke demon
   802 | D:2      | Slain by a smoke demon

Illustrated notes

Levels and vault maps discovered:
D:1:      dpeg_arrival_erosion, layout_basic,
          hellmonk_ecumenical_altar_lost_god, serial_shops, shop
D:2:      cheibrodos_old_hovel, layout_loops_ring, minmay_misc_feat_columns,
          minmay_tree_intersection

Skill      XL: |  1  2  3 |
---------------+----------+-----
Fighting       | 4 |  4.2
Axes           | 3 |  3.3
Armour         | 4 |  4.0
Shields        | |  3.6

Action                     || total
---------------------------++-------
  Melee: War axe           ||    87
 Invoke: Renounce Religion ||     1
    Use: Scroll            ||     1
 Armour: Scale mail        ||    30
         Plate armour      ||    19
  Dodge: Dodged            ||    46
  Block: Buckler           ||    21
